 Dungeon Crawl Stone Soup version 0.29-a0-289-g2178c42546 (webtiles) character file.

Game seed: 8074729363291590814

9385 Dabor the Fighter (level 11, -3/86 HPs)
             Began as a Palentonga Fighter on Mar 16, 2022.
             Was a Believer of Hepliaklqana.
             Slain by a very large slime creature (30 damage)
             ... on level 10 of the Dungeon on Mar 17, 2022.
             The game lasted 00:18:44 (11273 turns).

Dabor the Fighter (Palentonga Fighter)             Turns: 11273, Time: 00:18:45

Health: -3/86      AC: 24    Str: 26    XL:     11   Next: 22%
Magic:  5/5        EV:  7    Int: 13    God:    Hepliaklqana [**....]
Gold:   416        SH:  8    Dex:  9    Spells: 10/10 levels left

rFire   . . .      SeeInvis +   g - +3 broad axe (antimagic)
rCold   . . .      Faith    .   F - +0 kite shield
rNeg    . . .      Spirit   .   b - +1 leather armour of Daffodils {rPois Str+2 Int+4}
rPois   +          Reflect  .   l - +2 hat {Stlth+}
rElec   .          Harm     .   (no cloak)
rCorr   .          Rampage  .   q - +2 pair of gloves
Will    .....                   j - +0 barding {Fly}
Stlth   ++........              (no amulet)
HPRegen 0.24/turn               (no ring)
MPRegen 0.09/turn               (no ring)

@: flying, curled up
A: reduced essence, large, rugged brown scales 3, see invisible, deformed body,
roll 1, armoured tail, reflexive curl
a: Rolling Charge, Renounce Religion, Recall Ancestor, Ancestor Identity


You were on level 10 of the Dungeon.
You worshipped Hepliaklqana.
Hepliaklqana was pleased with you.
You visited 1 branch of the dungeon, and saw 10 of its levels.

You collected 416 gold pieces.

Inventory:

Hand Weapons
 a - a +0 war axe
 g - a +3 antimagic broad axe (weapon)
 o - a +2 hand axe of flaming
 t - a +2 whip of electrocution
 y - a +2 hand axe of electrocution
Missiles
 k - a throwing net
Armour
 b - the +1 leather armour of Daffodils (worn) {rPois Str+2 Int+4}
   (You found it on level 8 of the Dungeon)

   Str:       It affects your strength (+2).
   Int:       It affects your intelligence (+4).
   rPois:     It protects you from poison.
 c - a +0 buckler
 j - a +0 barding of flying (worn)
 l - a +2 hat of stealth (worn)
 q - a +2 pair of gloves (worn)
 r - a +2 robe of cold resistance
 z - a +0 helmet
 A - the +3 leather armour of Hairy Curiosity {rC- Int+4 Slay+3}
   (You took it off an orc on level 5 of the Dungeon)

   Int:       It affects your intelligence (+4).
   Slay:      It affects your accuracy & damage with ranged weapons and melee
   (+3).
   rC:        It makes you vulnerable to cold.
 F - a +0 kite shield (worn)
Jewellery
 G - a +6 ring of dexterity
Wands
 w - a wand of iceblast (10)
Scrolls
 d - 3 scrolls of teleportation
 e - 4 scrolls of brand weapon
 f - 4 scrolls of amnesia
 i - 2 scrolls of fog
 m - a scroll of magic mapping
 n - a scroll of holy word
 p - 2 scrolls of identify
 H - a scroll of silence {unknown}
Potions
 h - 4 potions of degeneration {unknown}
 u - 3 potions of curing {unknown}
 v - a potion of heal wounds {unknown}
 x - a potion of flight {unknown}
 B - 2 potions of invisibility {unknown}
 C - a potion of lignification
 E - a potion of attraction {unknown}


   Skills:
 * Level 9.0 Fighting
 * Level 8.5 Axes
 * Level 7.4 Armour
 * Level 6.6 Dodging
 + Level 3.7 Shields
 - Level 5.5 Invocations
 + Level 0.7 Evocations


You had 10 spell levels left.
You didn't know any spells.
Your spell library contained the following spells:

 Spells                   Type           Power      Damage    Failure   Level
 Magic Dart               Conj           0%         1d3       63%         1
 Slow                     Hex            0%         N/A       63%         1
 Call Imp                 Summ           0%         N/A       77%         2
 Searing Ray              Conj           0%         2d4       77%         2
 Call Canine Familiar     Summ           0%         N/A       94%         3
 Confusing Touch          Hex            0%         N/A       94%         3
 Mephitic Cloud           Conj/Pois/Air  0%         N/A       94%         3
 Portal Projectile        Hex/Tloc       0%         N/A       94%         3
 Vampiric Draining        Necr           0%         2d6       94%         3
 Fulminant Prism          Conj/Hex       0%         3d6       100%        4
 Leda's Liquefaction      Hex/Erth       0%         N/A       100%        4


Dungeon Overview and Level Annotations

Branches:
Dungeon (10/15)            Temple (0/1) D:6            Lair (0/6) D:8
    Orc (0/2) D:10

Altars:
Hepliaklqana
Trog
Uskayaw

Shops:
D:4 (   D:6 =

Portals:
Abyss: D:10

Annotations:
D:10 2 transporters, Joseph; MrShunz's ghost, novice MiBe


Innate Abilities, Weirdness & Mutations

Your life essence is reduced to manifest your ancestor. (-10% HP)
You are completely covered in rugged brown scales. (AC +3, +7% HP)
You have supernaturally acute eyesight. (SInv)
Armour fits poorly on your strangely shaped body.
You can roll at nearby foes to attack.
You have a long armoured tail.
You curl defensively after being hit. (AC +7*)


Message History

The slime creature hits you but does no damage.
Kheti points at the large slime creature and mumbles some strange words.
The large slime creature easily resists.
Two slime creatures merge to form a very large slime creature.
You see here 4 gold pieces.
Kheti hits the very large slime creature with a +0 dagger of draining!
Aiming: Throw Flame
Press: ? - help, Shift-Dir - straight line, f - very large slime creature
Aim: a very large slime creature (moderately wounded, ally target, 93% to hit)
The puff of flame hits the very large slime creature.
The very large slime creature is moderately wounded.
The now-empty wand crumbles to dust.
The very large slime creature closely misses Kheti.
Kheti hits the very large slime creature with a +0 dagger of draining.
Aiming: Iceblast
Press: ? - help, Shift-Dir - straight line, f/p - very large slime creature
Aim: a very large slime creature (moderately wounded, ally target)
The mass of ice explodes!
The iceblast engulfs the very large slime creature!!
The very large slime creature is moderately wounded.
Kheti avoids your attack.
You hear a shout!
The very large slime creature hits Kheti!!!
Kheti is destroyed!
The very large slime creature attacks as you move away!
The very large slime creature hits you!
The very large slime creature attacks as you move away!
The very large slime creature hits you!!
Okay, then.
As you read the scroll of summoning, it crumbles to dust.
Wisps of shadow whirl around you...
Joseph, a Mercenary comes into view.
He is wielding a +0 quarterstaff.
You block the very large slime creature's attack.
You swap places.
Joseph says, "You will never get the ORB, sorry."
Your wight barely misses the very large slime creature.
You swap places.
The very large slime creature attacks as you move away!
The very large slime creature hits you!!
You die...

###....####.#
........$...#
........:...###.#.
##....###.........
##..##4##..###.##
# #©# #W#......#
.## #.##O.##### ∩h
#. #Jz.# #
#..###@c.#####
#..#4#.z.z.#.#.#.
#..(#.....@#.#.#
..#$..##.z..#.#.#.
.##.## ##....#.#.#
#. .^ #...#.#.#
.#####.##...#.#.
##.#...4#....#.#
.. ...###.#...#.#


You could see Joseph, a very large slime creature (ally target), a friendly
two-headed ogre (summoned), a friendly centaur (summoned) and 5 friendly wights.

Vanquished Creatures
  Erolcha (D:9)
  A two-headed ogre (D:8)
  An elephant (D:8)
  Maggie (D:9)
  Psyche (D:8)
  A troll (D:9)
  A dream sheep (D:9)
  7 yaks
  A wraith (D:9)
  3 wyverns
  2 basilisks (D:8)
  A vampire mosquito (D:9)
  3 steam dragons
  A water moccasin (D:7)
  2 ice beasts
  Duvessa (D:4)
  A black bear (D:4)
  3 orc warriors
  3 sky beasts
  3 ogres
  3 centaurs
  A phantom (D:6)
  A bullfrog (D:7)
  6 kobold brigands
  2 necrophages
  3 scorpions
  6 wights
  Dowan (D:4)
  6 jellies
  2 orc priests
  3 gnoll shamans
  A hound (D:7)
  3 iguanas
  11 orc wizards
  Natasha (thrice) (D:4)
  15 gnolls
  4 adders
  A shadow imp (D:7)
  A white imp (D:6)
  An ufetubus (D:5)
  5 worms
  2 dart slugs
  34 orcs
  5 ball pythons
  3 bats
  7 endoplasms
  3 giant cockroaches
  9 goblins
  6 hobgoblins
  3 quokkas
  3 frilled lizards
  30 kobolds
  2 rats (D:1)
224 creatures vanquished.

Vanquished Creatures (collateral kills)
  A troll (D:9)
  2 vampire mosquitoes (D:9)
  A black bear (D:6)
  A bullfrog (D:7)
  3 gnolls
  An adder (D:6)
9 creatures vanquished.

Vanquished Creatures (others)
  2 hexers
2 creatures vanquished.

Grand Total: 235 creatures vanquished

Notes
Turn   | Place    | Note
-------+----------+-------------------------------------------
     0 | D:1      | Dabor the Palentonga Fighter began the quest for the Orb.
     0 | D:1      | Reached XP level 1. HP: 19/19 MP: 1/1
   270 | D:1      | Reached XP level 2. HP: 23/25 MP: 2/2
   866 | D:2      | Reached XP level 3. HP: 22/31 MP: 3/3
  1326 | D:2      | Found a faded altar of an unknown god.
  1480 | D:2      | Found a bloodstained altar of Trog.
  1574 | D:2      | Reached XP level 4. HP: 37/37 MP: 4/4
  1660 | D:2      | Prayed at the altar of an unknown god.
  1660 | D:2      | Became a worshipper of Uskayaw the Reveller
  1660 | D:2      | Reached * piety under Uskayaw
  1916 | D:3      | Reached ** piety under Uskayaw
  2448 | D:3      | Reached *** piety under Uskayaw
  2767 | D:4      | Reached **** piety under Uskayaw
  2772 | D:4      | Reached XP level 5. HP: 29/44 MP: 5/5
  3082 | D:4      | Noticed Natasha
  3091 | D:4      | Killed Natasha
  3092 | D:4      | Reached skill level 4 in Fighting
  3093 | D:4      | Reached skill level 1 in Dodging
  3093 | D:4      | Reached skill level 1 in Invocations
  3412 | D:4      | Found a hazy altar of Hepliaklqana.
  3432 | D:4      | Fell from the grace of Uskayaw
  3432 | D:4      | Became a worshipper of Hepliaklqana the Forgotten
  3439 | D:4      | Noticed Duvessa
  3439 | D:4      | Noticed Dowan
  3452 | D:4      | Killed Duvessa
  3453 | D:4      | Reached XP level 6. HP: 44/52 MP: 6/6
  3465 | D:4      | Killed Dowan
  3694 | D:4      | Noticed Natasha
  3699 | D:4      | Killed Natasha
  3701 | D:4      | Found Rest's Weapon Boutique.
  3709 | D:4      | Noticed Natasha
  3725 | D:4      | Killed Natasha
  3825 | D:4      | Gained mutation: You curl defensively after being hit. (AC
                  | +7*) [Palentonga growth]
  3825 | D:4      | Reached XP level 7. HP: 36/58 MP: 8/8
  4366 | D:5      | Entered Level 5 of the Dungeon
  4795 | D:5      | Reached skill level 5 in Fighting
  4893 | D:5      | Identified the +3 leather armour of Hairy Curiosity {rC-
                  | Int+4 Slay+3}
  5070 | D:5      | Reached XP level 8. HP: 66/66 MP: 9/9
  5361 | D:5      | Reached skill level 5 in Axes
  6237 | D:6      | Reached skill level 6 in Fighting
  6241 | D:6      | Reached skill level 5 in Armour
  6328 | D:6      | Reached * piety under Hepliaklqana
  6342 | D:6      | Found a staircase to the Ecumenical Temple.
  6606 | D:6      | Reached XP level 9. HP: 67/67 MP: 11/11
  6767 | D:6      | Identified 2 scrolls of acquirement
  6778 | D:6      | Acquired a +0 barding of flying
  6784 | D:6      | Acquired a +2 antimagic broad axe
  7188 | D:6      | Found Deuczof's Jewellery Boutique.
  7897 | D:7      | Reached skill level 7 in Fighting
  8198 | D:7      | Reached skill level 5 in Dodging
  8606 | D:7      | Reached ** piety under Hepliaklqana
  8607 | D:7      | Remembered your ancestor Kheti as a hexer
  8753 | D:8      | Found a staircase to the Lair.
  8755 | D:8      | Noticed an elephant
  8755 | D:8      | Noticed Psyche
  8763 | D:8      | Noticed a two-headed ogre
  8775 | D:8      | Reached XP level 10. HP: 76/76 MP: 4/13
  8776 | D:8      | Killed Psyche
  8777 | D:8      | Reached skill level 5 in Invocations
  8789 | D:8      | Killed an elephant
  8797 | D:8      | Killed a two-headed ogre
  8798 | D:8      | Reached skill level 8 in Fighting
  9621 | D:8      | Identified the +1 leather armour of Daffodils {rPois Str+2
                  | Int+4}
 10033 | D:9      | Noticed Maggie
 10058 | D:9      | Killed Maggie
 10713 | D:9      | Noticed Erolcha
 10720 | D:9      | Reached XP level 11. HP: 84/84 MP: 5/15
 10723 | D:9      | Killed Erolcha
 11074 | D:10     | Entered Level 10 of the Dungeon
 11102 | D:10     | Reached skill level 9 in Fighting
 11229 | D:10     | Found a staircase to the Orcish Mines.
 11245 | D:10     | Found a transporter.
 11249 | D:10     | Found a one-way gate to the infinite horrors of the Abyss.
 11249 | D:10     | Noticed MrShunz's ghost (novice MiBe)
 11252 | D:10     | Noticed a hell hog
 11259 | D:10     | Found a transporter.
 11271 | D:10     | Noticed Joseph
 11273 | D:10     | Slain by a very large slime creature

Illustrated notes

Levels and vault maps discovered:
D:1:      onia_arrival_pyramid, layout_basic, minmay_tromino_i4
D:2:      layout_basic, hellmonk_ecumenical_altar_inner_sanctum, basic_altar,
          minmay_fractal_squares_5
D:3:      layout_basic
D:4:      layout_rooms, mainiacjoe_overflow_24_doors, serial_shops,
          nicolae_lakefront_shop, uniq_duvessa, uniq_natasha
D:5:      layout_cave_pools, kennysheep_decorative_pillar
D:6:      layout_cave_pods, temple_statues, serial_shops, kennysheep_little_box,
          st_stairs_12
D:7:      layout_loops_ring, minmay_circle_x
D:8:      layout_loops_ring, david_lair_generic, uniq_psyche
D:9:      layout_long_grid, dreamdust_gnoll_shepherd, uniq_maggie, uniq_erolcha
D:10:     layout_basic, orc_0_dummy, gammafunk_ghost_abyssal_escape, uniq_joseph

Skill      XL: |  1  2  3  4  5  6  7  8  9 10 11 |
---------------+----------------------------------+-----
Armour         | 3 4 5 6 7 |  7.4
Shields        | 3 |  3.7
Axes           | 3 4 5 7 8 |  8.5
Fighting       | 4 5 6 7 8 9 |  9.0
Dodging        | 1 2 4 5 6 |  6.6
Invocations    | 1 2 3 4 5 |  5.5
Evocations     | |  0.7

Action                   |  1- 3 |  4- 6 |  7- 9 | 10-12 || total
-------------------------+-------+-------+-------+-------++-------
Melee: War axe           |    73 |    12 |       |       ||    85
       Tailslap          |     5 |    11 |    26 |    20 ||    62
       Hand axe          |       |   120 |   168 |       ||   288
       Broad axe         |       |       |    93 |   103 ||   196
Invok: Line Pass         |       |     1 |       |       ||     1
       Stomp             |       |     2 |       |       ||     2
       Ancestor Life: He |       |       |     1 |       ||     1
       Recall Ancestor   |       |       |       |     1 ||     1
 Abil: Rolling Charge    |     2 |    12 |    49 |    15 ||    78
Evoke: Wand              |       |       |     2 |    20 ||    22
  Use: Potion            |     2 |     1 |       |       ||     3
       Scroll            |       |       |    15 |     1 ||    16
 Stab: Paralysed         |       |     1 |       |       ||     1
       Invisible         |       |       |     2 |     1 ||     3
       Confused          |       |       |       |     3 ||     3
       Distracted        |       |       |       |     1 ||     1
Armor: Scale mail        |    38 |    38 |       |       ||    76
       Skin              |    32 |    21 |       |       ||    53
       Robe              |       |    15 |    76 |       ||    91
       Leather armour    |       |       |   102 |    54 ||   156
Dodge: Dodged            |    29 |    39 |   122 |    35 ||   225
Block: Buckler           |    22 |    20 |    39 |     5 ||    86
       Kite shield       |       |       |       |    30 ||    30

Table legend: (Time is in decaauts)
 A = Elapsed time spent in this place.
 B = Non-inter-level travel time spent in this place.
 C = Inter-level travel time spent in this place.
 D = Time resting spent in this place.
 E = Time spent auto-exploring this place.
 F = Levels seen in this place.
 G = Mean time per level.
                   A        B        C        D        E       F      G
               +--------+--------+--------+--------+--------+-----+--------+
         Total |  11413 |  10960 |    453 |   1718 |   7624 |  10 | 1141.3 |
       Dungeon |  11413 |  10960 |    453 |   1718 |   7624 |  10 | 1141.3 |
               +--------+--------+--------+--------+--------+-----+--------+

Top non-repeatable levels by time:
     D:4: 2250 daAuts
     D:7: 1657 daAuts
     D:6: 1269 daAuts
     D:5: 1206 daAuts
     D:2: 1115 daAuts
     D:9: 1070 daAuts
     D:8: 960 daAuts
     D:3: 846 daAuts
     D:1: 830 daAuts
    D:10: 206 daAuts
